 Dungeon Crawl Stone Soup version 0.32-a0-673-g3729bd50f8 (webtiles) character file.

Game seed: 15430263401220709370

16 Esekla the Chopper (level 2, -4/24 HPs)
             Began as a Mountain Dwarf Wanderer on Mar 11, 2024.
             Succumbed to a gnoll's poison
             ... on level 1 of the Dungeon.
             The game lasted 00:03:12 (384 turns).

Esekla the Chopper (Mountain Dwarf Wanderer)         Turns: 384, Time: 00:03:13

Health: -4/24      AC:  3    Str: 15    XL:     2   Next: 37%
Magic:  5/5        EV: 11    Int: 14    God:
Gold:   31         SH:  0    Dex:  6    Spells: 5/5 levels left

rFire   . . .        a - +3 hand axe
rCold   . . .        (no shield)
rNeg    . . .        c - +0 leather armour
rPois   .            (no helmet)
rElec   .            (no cloak)
rCorr   .            (no gloves)
SInv    .            (no boots)
Will    .....        (no amulet)
Stlth   +            (no ring)
HPRegen 0.24/turn    (no ring)
MPRegen 0.09/turn

%: no passive effects
@: lethally poisoned (-4 -> -23)
A: runic magic, artefact enchanting
a: no special abilities


You were on level 1 of the Dungeon.
You visited 1 branch of the dungeon, and saw 2 of its levels.

You collected 31 gold pieces.

Inventory:

Hand Weapons
 a - a +3 hand axe (weapon)
Missiles
 f - 4 poisoned darts (quivered)
Armour
 c - a +0 leather armour (worn)
Scrolls
 b - a scroll of fog
 d - a scroll of poison {unknown}
 e - a scroll of vulnerability {unknown}
 g - a scroll of teleportation {unknown}


   Skills:
 * Level 2.2 Fighting
 + Level 4.0 Axes
 * Level 0.3 Armour
 + Level 1.0 Dodging
 * Level 2.2 Spellcasting
 * Level 1.0 Translocations
 + Level 1.2 Invocations


You had 5 spell levels left.
You didn't know any spells.
Your spell library contained the following spells:

 Spells                   Type           Power      Damage    Failure   Level
 Blink                    Tloc           8%         N/A       24%         2
 Lesser Beckoning         Tloc           8%         N/A       24%         2


Dungeon Overview and Level Annotations

Branches:
Dungeon (2/15)

Altars:


Innate Abilities, Weirdness & Mutations

Your spellcasting is much less encumbered by armour.
You can use scrolls of enchantment on lesser artefacts.


Message History

Things that are here:
a bat corpse; a ball python corpse
Found a scale mail.
Found 12 gold pieces.
You see here a +0 scale mail.
Found 11 gold pieces.
You now have 20 gold pieces (gained 12).
You now have 31 gold pieces (gained 11).
A bat comes into view.
The bat barely misses you.
You slash the bat!
You kill the bat!
A bat and a gnoll come into view.
The gnoll is wielding a +0 spear of venom.
Found a whip.
The gnoll shouts!
The gnoll attacks as it pursues you!
The gnoll hits you from afar with a +0 spear of venom.
You are poisoned.
You feel sick. The gnoll attacks as it pursues you!
The gnoll hits you from afar with a +0 spear of venom.
You are lethally poisoned!
You aren't carrying any potions.
Okay, then.
You feel very sick.
The gnoll hits you with a +0 spear of venom.
* * * LOW HITPOINT WARNING * * *
You are more poisoned.
You aren't carrying any potions.
Okay, then.
You slash the gnoll!
The gnoll is heavily wounded.
You miss the bat.
* * * LOW HITPOINT WARNING * * *
You feel very sick. The bat barely misses you. The gnoll misses you.
You hit the gnoll.
The gnoll is severely wounded.
You barely miss the bat.
You die...

..# ..# #.) #.. .. ..
.# ... ######.#
......######....g.#
...........#...@..#
...............b..#
..................#
#............#######
...[.......##
.#.#........#########
...####.............#
#..#...####........#
#.....†............#


You could see a gnoll and a bat.

Vanquished Creatures
  A ball python (D:1)
  2 endoplasms (D:1)
  A giant cockroach (D:2)
  A goblin (D:2)
  A hobgoblin (D:2)
  3 jackals (D:2)
  3 bats (D:1)
  A rat (D:1)
13 creatures vanquished.

Notes
Turn   | Place    | Note
-------+----------+-------------------------------------------
     0 | D:1      | Esekla the Mountain Dwarf Wanderer began the quest for the
                  | Orb.
     0 | D:1      | Esekla set off with the following items: a +3 hand axe, a
                  | scroll of fog, a +0 leather armour; and the following
                  | spells available to memorise: Blink, Lesser Beckoning.
     0 | D:1      | Reached XP level 1. HP: 17/17 MP: 3/3
   134 | D:2      | Reached XP level 2. HP: 22/24 MP: 5/5
   238 | D:1      | Reached skill level 4 in Axes
   383 | D:1      | HP: 1/24 [poisoned by a gnoll]
   384 | D:1      | Succumbed to a gnoll's poison

Illustrated notes

Levels and vault maps discovered:
D:1:      lemuel_arrival_river_ford, layout_basic,
          dreamdust_ecumenical_altar_hidden_monk_grotto
D:2:      layout_basic

Skill      XL: |  1  2 |
---------------+-------+-----
Spellcasting   | 2 |  2.2
Axes           | 4 |  4.0
Fighting       | |  2.2
Armour         | |  0.3
Dodging        | |  1.0
Translocations | |  1.0
Invocations    | |  1.2

Action                     || total
---------------------------++-------
  Melee: Hand axe          ||    27
 Armour: Leather armour    ||    13
  Dodge: Dodged            ||    23

Table legend: (Time is in decaauts)
 A = Elapsed time spent in this place.
 B = Non-inter-level travel time spent in this place.
 C = Inter-level travel time spent in this place.
 D = Time resting spent in this place.
 E = Time spent auto-exploring this place.
 F = Levels seen in this place.
 G = Mean time per level.
                   A        B        C        D        E       F      G
               +--------+--------+--------+--------+--------+-----+--------+
         Total |    392 |    392 |      0 |      0 |     43 |   2 |  196.0 |
       Dungeon |    392 |    392 |      0 |      0 |     43 |   2 |  196.0 |
               +--------+--------+--------+--------+--------+-----+--------+

Top non-repeatable levels by time:
     D:1: 229 daAuts
     D:2: 163 daAuts
